 Dungeon Crawl Stone Soup version 0.23.2-1-ga50397a (webtiles) character file.

Game seed: 13293262991619641739

20 schauveau the Shooter (level 2, -3/23 HPs)
             Began as a Centaur Arcane Marksman on May 1, 2019.
             Slain by a worker ant (7 damage)
             ... on level 3 of the Dungeon.
             The game lasted 00:01:39 (1019 turns).

schauveau the Shooter (Centaur Arcane Marksman)     Turns: 1019, Time: 00:01:40

Health: -3/23      AC:  4    Str: 12    XL:     2   Next: 58%
Magic:  12/12      EV:  9    Int: 12    God:
Gold:   45         SH:  0    Dex:  9    Spells: 2/3 levels left

rFire    . . .     SeeInvis .   a - +0 shortbow
rCold    . . .     Gourm    .   (shield currently unavailable)
rNeg     . . .     Faith    .   e - +0 robe
rPois    .         Spirit   .   (no helmet)
rElec    .         Reflect  .   (no cloak)
rCorr    .         Harm     .   (no gloves)
MR       .....                  (no barding)
Stlth    +.........             (no amulet)
HPRegen  0.07/turn              i - ring of magical power
MPRegen  0.13/turn              (no ring)

@: very quick
A: large, hooves 3, deformed body, speed 2, tough skin 3
a: no special abilities


You were on level 3 of the Dungeon.
You were not hungry.

You visited 1 branch of the dungeon, and saw 4 of its levels.

You collected 45 gold pieces.

Inventory:

Hand Weapons
 a - a +0 shortbow (weapon)
 b - a +0 hand axe
Missiles
 c - 58 stones
 d - 43 arrows (quivered)
Armour
 e - a +0 robe (worn)
Jewellery
 i - a ring of magical power (left hand)
Scrolls
 g - 3 scrolls of identify {unknown}
Potions
 h - a potion of haste {unknown}
Comestibles
 f - 2 rations
 j - 4 chunks of flesh


   Skills:
 - Level 1.0 Fighting
 * Level 3.9 Bows
 - Level 1.3 Dodging
 - Level 1.0 Spellcasting
 - Level 3.0 Hexes


You had 2 spell levels left.
You knew the following spells:

 Your Spells              Type           Power        Failure   Level  Hunger
a - Corona                Hex            #......      9%          1    ##.....

Your spell library contained the following spells:

 Spells                   Type           Power        Failure   Level  Hunger
 Slow                     Hex            #.......     13%         2    ###....
 Inner Flame              Hex/Fire       #.......     43%         3    ####...
 Portal Projectile        Hex/Tloc       #.....       43%         3    ####...
 Cause Fear               Hex            #.........   65%         4    #####..
 Leda's Liquefaction      Hex/Erth       #.........   85%         4    #####..


Dungeon Overview and Level Annotations

Branches:
Dungeon (4/15)
 Temple: D:4-7

Altars:


Innate Abilities, Weirdness & Mutations

You have hooves in place of feet.
Armour fits poorly on your strangely shaped body.
You cover ground very quickly.
You have extremely tough skin. (AC +3)


Message History

Aim: a quokka (almost dead)
You shoot an arrow. The arrow hits the quokka!
You kill the quokka!
Firing (i - inventory. (/) - cycle)
d - 46 arrows (quivered)
Press: ? - help, Shift-Dir - straight line, f - worker ant
Aim: a worker ant You shoot an arrow.
The arrow hits the worker ant but does no damage.
Firing (i - inventory. (/) - cycle)
d - 45 arrows (quivered)
Press: ? - help, Shift-Dir - straight line, f/p - worker ant
Aim: a worker ant You shoot an arrow.
The arrow hits the worker ant!
The worker ant is heavily wounded.
Firing (i - inventory. (/) - cycle)
d - 44 arrows (quivered)
Press: ? - help, Shift-Dir - straight line, f/p - worker ant
Aim: a worker ant (heavily wounded)
You shoot an arrow. The arrow hits the worker ant.
The worker ant is severely wounded.
The worker ant bites you!
You die...

#..#.#### #.. #....... .
##.. #.#.... .. ...# #.#..#
... ...#####.#..# ##..
...........#
.$!?.#.#####.##.#
.......#####.##.############
..>....(.sa@.##.............
....?.)#####################
##...#. .... #. ... #. ## #.
#. #.


You could see a worker ant and a giant cockroach.

Vanquished Creatures
  A leopard gecko (D:1)
  An orc (D:3)
  A goblin (D:3)
  3 hobgoblins (D:1)
  2 quokkas (D:3)
  3 bats
  A frilled lizard (D:2)
  2 kobolds (D:1)
  2 rats (D:1)
16 creatures vanquished.

Notes
Turn   | Place    | Note
-------+----------+-------------------------------------------
     0 | D:1      | schauveau the Centaur Arcane Marksman began the quest for
                  | the Orb.
     0 | D:1      | Reached XP level 1. HP: 16/16 MP: 2/2
   430 | D:1      | Reached XP level 2. HP: 19/23 MP: 3/3
  1019 | D:3      | Slain by a worker ant

Skill      XL: |  1 |
---------------+----+-----
Hexes          | 3 |  3.0
Bows           | 3 |  3.9
Fighting       | |  1.0
Dodging        | |  1.3
Spellcasting   | |  1.0

Action                   || total
-------------------------++-------
Melee: Hand axe          ||    78
       Kick              ||     8
 Fire: Shortbow          ||     4
Throw: Stone             ||     7
Armor: Robe              ||    53
Dodge: Dodged            ||    63
